 Dungeon Crawl Stone Soup version 0.19-a0-1107-gc676ff4 (webtiles) character file.

338 JustSomeDude the Skirmisher (level 6, -7/48 HPs)
             Began as a Demonspawn Fighter on Aug 9, 2016.
             Was a Follower of Uskayaw.
             Mangled by an ogre
             ... wielding a cursed -3 giant spiked club
              (26 damage)
             ... on level 5 of the Dungeon.
             The game lasted 00:08:38 (2585 turns).

JustSomeDude the Skirmisher (Demonspawn Fighter)    Turns: 2585, Time: 00:08:39

Health: -7/48      AC:  8    Str: 19    XL:     6   Next: 29%
Magic:  6/6        EV:  8    Int:  9    God:    Uskayaw [*.....]
Gold:   178        SH:  9    Dex: 12    Spells: 0 memorised, 5 levels left

rFire  . . .     SeeInvis .     i - +1 war axe (pain)
rCold  . . .     Gourm    .     b - +0 scale mail
rNeg   . . .     Faith    .     c - +0 shield
rPois  .         Spirit   .     k - +0 helmet
rElec  .         Dismiss  .     (no cloak)
rCorr  .         Reflect  .     (no gloves)
SustAt .         Harm     .     (no boots)
MR     .....                    (no amulet)
Stlth  ..........               (no ring)
                                (no ring)

@:
A: talons 2, powered by death 1, sturdy frame 1
a: Stomp, Renounce Religion


You were on level 5 of the Dungeon.
You worshipped Uskayaw.
Uskayaw was noncommittal.
You were not hungry.

You visited 1 branch of the dungeon, and saw 5 of its levels.

You collected 178 gold pieces.

Inventory:

Hand Weapons
 a - a +0 trident
 i - a +1 war axe of pain (weapon)
 z - the cursed +3 quarterstaff of Cohogekk {flame, rPois rF+ Str+3 Dex-2}
   (You found it on level 4 of the Dungeon)

   It has been specially enchanted to burn those struck by it, causing extra
   injury to most foes and up to half again as much damage against particularly
   susceptible opponents.
   It affects your strength (+3).
   It affects your dexterity (-2).
   It protects you from fire.
   It protects you from poison.
   It has a curse placed upon it.
Armour
 b - a +0 scale mail (worn)
 c - a +0 shield (worn)
 k - a +0 helmet (worn)
Jewellery
 y - an uncursed ring of ice {unknown}
Scrolls
 e - a scroll of enchant weapon {unknown}
 g - a scroll of remove curse {unknown}
 j - a scroll of fear {unknown}
 l - a scroll of magic mapping {unknown}
 n - a scroll of fog {unknown}
 p - a scroll of amnesia {unknown}
 q - 2 scrolls of teleportation {unknown}
 r - 2 scrolls of identify
 t - a scroll of immolation {unknown}
Potions
 d - 3 potions of might
 h - a potion of curing
 s - a potion of degeneration {unknown}
 u - a potion of cancellation {unknown}
 x - a potion of invisibility {unknown}
 B - a potion of brilliance {unknown}
Books
 o - a book of Burglary

   Spells                             Type                      Level
   a - Swiftness                      Charms/Air                   2
   b - Passwall                       Transmutation/Earth          2
   c - Passage of Golubria            Translocation                4
   d - Lee's Rapid Deconstruction     Earth                        5
   e - Darkness                       Hexes                        6
   f - Invisibility                   Hexes                        6
 A - a book of the Tempests

   Spells                             Type                      Level
   a - Static Discharge               Conjuration/Air              3
   b - Lightning Bolt                 Conjuration/Air              5
   c - Fireball                       Conjuration/Fire             5
   d - Tornado                        Air                          9
   e - Shatter                        Earth                        9
Comestibles
 f - 3 bread rations
 m - 7 chunks of flesh
 v - a beef jerky
 w - a royal jelly


   Skills:
 + Level 4.0 Fighting
 + Level 0.6(2.0) Axes
 + Level 3.0 Polearms
 + Level 3.9 Armour
 + Level 1.8 Dodging
 + Level 0.2 Stealth
 + Level 3.9 Shields


You had 5 spell levels left.
You didn't know any spells.

Dungeon Overview and Level Annotations

Branches:
Dungeon (5/15)
 Temple: D:4-7

Altars:
Cheibriados
Dithmenos
Trog
Uskayaw


Innate Abilities, Weirdness & Mutations

You have razor-sharp toenails.
You regenerate a little health from kills.
Your movements are slightly less encumbered by armour. (ER -2)


Message History

An ogre is nearby!
An ogre is nearby!
The ogre closely misses you.
Found a scroll labeled KOTIKHL TAZEUHO and 16 bolts.
There is an open door here.
You barely miss the ogre.
The ogre hits you with a giant spiked club!!
Ouch! That really hurt!
Your shield and scale mail prevent you from hitting the ogre.
Your kick misses the ogre. You block the ogre's attack.
You completely miss the ogre. You block the ogre's attack.
You hit the ogre. Your kick misses the ogre.
The ogre is lightly wounded.
The ogre hits you with a giant spiked club!
* * * LOW HITPOINT WARNING * * *
Okay, then.
You feel better.
The ogre hits you with a giant spiked club!!
Ouch! That really hurt!
You die...

...............
...............
......(........
.?.............
...............
...............
........O......
###@## #<[..#
#....# #....#
#....# #..###
####


You could see an ogre.

Vanquished Creatures
  An ogre (D:4)
  A hound (D:4)
  Terence (D:3)
  An iguana (D:4)
  A worker ant (D:4)
  Robin (D:2)
  7 adders
  2 worms
  A dart slug (D:2)
  2 giant geckos (D:2)
  2 giant cockroaches (D:2)
  15 goblins
  6 hobgoblins
  2 jackals (D:3)
  6 quokkas
  8 bats
  4 giant newts
  3 kobolds
  7 rats
71 creatures vanquished.

Notes
Turn   | Place    | Note
-------+----------+-------------------------------------------
     0 | D:1      | JustSomeDude the Demonspawn Fighter began the quest for the Orb.
     0 | D:1      | Reached XP level 1. HP: 18/18 MP: 1/1
   231 | D:1      | Gained mutation: You have sharp toenails. [demonic ancestry]
   231 | D:1      | Reached XP level 2. HP: 24/24 MP: 2/2
   886 | D:2      | Noticed Robin
   899 | D:2      | Gained mutation: You have razor-sharp toenails. [demonic ancestry]
   899 | D:2      | Reached XP level 3. HP: 13/29 MP: 3/3
   925 | D:2      | Killed Robin
  1164 | D:2      | Gained mutation: Your movements are slightly less encumbered by armour. (ER -2) [demonic ancestry]
  1164 | D:2      | Reached XP level 4. HP: 35/35 MP: 4/4
  1167 | D:2      | Found a snail-covered altar of Cheibriados.
  1770 | D:3      | Noticed Terence
  1788 | D:3      | Killed Terence
  1788 | D:3      | Reached skill level 1 in Dodging
  1788 | D:3      | Gained mutation: You regenerate a little health from kills. [demonic ancestry]
  1788 | D:3      | Reached XP level 5. HP: 37/42 MP: 5/5
  1826 | D:3      | Found a bloodstained altar of Trog.
  1841 | D:3      | Found a hide-covered altar of Uskayaw.
  1996 | D:3      | Became a worshipper of Uskayaw the Reveler
  2139 | D:4      | Reached * piety under Uskayaw
  2140 | D:4      | Reached ** piety under Uskayaw
  2216 | D:4      | Got a translucent quarterstaff
  2228 | D:4      | Identified the cursed +3 quarterstaff of Cohogekk {flame, rPois rF+ Str+3 Dex-2} (You found it on level 4 of the Dungeon)
  2328 | D:4      | Found a shadowy altar of Dithmenos.
  2515 | D:4      | Noticed an ogre
  2523 | D:4      | Killed an ogre
  2523 | D:4      | Reached skill level 4 in Fighting
  2523 | D:4      | Reached XP level 6. HP: 34/48 MP: 6/6
  2523 | D:4      | Reached *** piety under Uskayaw
  2577 | D:5      | Entered Level 5 of the Dungeon
  2585 | D:5      | Mangled by an ogre

Vault maps used:
D:1:      eino_arrival_druids_welcome
D:2:      cheibriados_altar_1, first_bread, uniq_robin
D:3:      minmay_overflow_temple_star_quad, eat_drink_and_be_merry_uskayaw,
          overflow_temple_1_default, uniq_terence, uniq_jessica
D:4:      grunt_dithmenos_smoke_and_mirrors, serial_glass, glass_columns_a,
          glass_columns_a
D:5:      basic_altar, minmay_guarded_unrand_vampires_tooth, uniq_grinder

Skill      XL: |  1  2  3  4  5 |
---------------+----------------+-----
Armour         | 3 |  3.9
Shields        | 3 |  3.9
Polearms       | 2 3 |  3.0
Dodging        | 1 |  1.8
Fighting       | 4 |  4.0
Axes           | |  0.6
Stealth        | |  0.2

Action                   |  1- 3 |  4- 6 || total
-------------------------+-------+-------++-------
Melee: Trident           |   113 |    83 ||   196
       Kick              |    13 |    39 ||    52
       War axe           |       |    69 ||    69
  Use: Potion            |     4 |     1 ||     5
       Scroll            |       |     2 ||     2
  Eat: Chunk             |     1 |     5 ||     6
Armor: Scale mail        |    50 |    56 ||   106
Dodge: Dodged            |    41 |    42 ||    83
Block: Shield            |    53 |    74 ||   127
